 Dungeon Crawl Stone Soup version 0.30-a0-142-g7370640ec8 (webtiles) character file.

Game seed: 15669327053693944856

5770 qw the Cleaver (level 10, -9/64 HPs)
             Began as a Gargoyle Fighter on Sept 25, 2022.
             Was a Priest of Okawaru.
             Mangled by a fire dragon (11 damage)
             ... on level 8 of the Dungeon.
             The game lasted 00:03:14 (9268 turns).

qw the Cleaver (Gargoyle Fighter)                   Turns: 9268, Time: 00:03:14

Health: -9/64      AC: 23    Str: 30    XL:     10   Next: 78%
Magic:  12/13      EV: 10    Int:  9    God:    Okawaru [***...]
Gold:   290        SH:  6    Dex:  9    Spells: 9/9 levels left

rFire   . . .      SeeInvis +    Y - +3 war axe
rCold   . . .      Faith    .    c - +0 buckler
rNeg    + . .      Spirit   .    q - +0 chain mail
rPois   inf        Reflect  .    x - +0 helmet
rElec   +          Harm     .    b - +0 cloak
rCorr   .          Rampage  .    k - +0 pair of gloves
Will    .....                    (no boots)
Stlth   ..........               i - amulet of the acrobat
HPRegen 0.20/turn                a - +6 ring of strength
MPRegen 0.13/turn                g - ring of see invisible

@: about to teleport, heroic
A: sickness immunity, AC +7, negative energy resistance 1, electricity
resistance, torment resistance 1, petrification resistance, subdued magic 1
a: Renounce Religion, Heroism


You were on level 8 of the Dungeon.
You worshipped Okawaru.
Okawaru was most pleased with you.
You visited 2 branches of the dungeon, and saw 9 of its levels.

You collected 290 gold pieces.


Innate Abilities, Weirdness & Mutations

You are immune to sickness and miasma.
Your stone body is resilient. (AC +7)
You are immune to poison.
You resist negative energy. (rN+)
You are resistant to electric shocks. (rElec)
You are resistant to unholy torment.
You are immune to petrification.
Your spells are a little easier to cast, but a little less powerful.


   Skills:
 - Level 8.1(13.1) Fighting
 - Level 11.1(16.1) Axes
 - Level 1.0(6.0) Throwing
 - Level 6.4(11.4) Armour
 + Level 1.0(6.0) Dodging
 - Level 5.7(10.7) Shields
 - Level 4.0 Invocations


You had 9 spell levels left.
You didn't know any spells.
Your spell library was empty.

Inventory:

Hand Weapons
 s - a +0 morningstar
 Y - a +3 war axe (weapon)
Missiles
 f - a boomerang (quivered)
Armour
 b - a +0 cloak (worn)
 c - a +0 buckler (worn)
 k - a +0 pair of gloves (worn)
 q - a +0 chain mail (worn)
 t - a +2 pair of gloves
 x - a +0 helmet (worn)
 y - a scarf of harm
Jewellery
 a - a +6 ring of strength (left hand)
 g - a ring of see invisible (right hand)
 i - an amulet of the acrobat (around neck)
 p - an amulet of regeneration
 u - a ring of protection from cold
 w - a ring of fire
Scrolls
 h - 3 scrolls of teleportation
 j - 2 scrolls of identify
 v - a scroll of enchant armour {unknown}
Potions
 d - 2 potions of might
 e - a potion of heal wounds
 l - 6 potions of curing
 m - a potion of haste
 n - 2 potions of lignification
 o - a potion of resistance
 r - a potion of attraction

Dungeon Overview and Level Annotations

Branches:
Dungeon (8/15)             Temple (1/1) D:7
   Lair: D:8-11

Altars:
Ashenzari
Cheibriados
Dithmenos
Elyvilon
Fedhas
Gozag
Hepliaklqana
Kikubaaqudgha
Makhleb
Nemelex Xobeh
Okawaru
Ru
Sif Muna
Trog
Uskayaw
Vehumet
Wu Jian
Xom
Yredelemnul
Zin
The Shining One


Message History

The fire dragon closely misses you.
The fire dragon claws you but does no damage.
The fire dragon misses you.
You slash the fire dragon!
The fire dragon is heavily wounded.
The fire dragon bites you. The fire dragon claws you.
The fire dragon tramples you!
You hold your ground!
You barely miss the fire dragon.
The fire dragon is heavily wounded.
The fire dragon bites you.
The fire dragon claws you but does no damage.
You block the fire dragon's attack.
You closely miss the fire dragon.
The fire dragon is heavily wounded.
You hit the fire dragon but do no damage.
The fire dragon is heavily wounded.
The fire dragon bites you.
The fire dragon claws you but does no damage.
The fire dragon tramples you but does no damage.
You barely miss the fire dragon.
The fire dragon is heavily wounded.
The fire dragon bites you but does no damage.
The fire dragon claws you but does no damage.
The fire dragon tramples you but does no damage.
You hit the fire dragon but do no damage.
The fire dragon is heavily wounded.
The fire dragon completely misses you. The fire dragon claws you.
The fire dragon tramples you.
You hold your ground!
You completely miss the fire dragon.
The fire dragon is heavily wounded.
You slash the fire dragon!
The fire dragon is heavily wounded.
The fire dragon breathes flames at you. The blast of flame hits you!!
Ouch! That really hurt!
9268 ||| READING 4 scrolls of teleportation.
As you read the scroll of teleportation, it crumbles to dust.
You feel strangely unstable. The fire dragon bites you!
You die...

#.# #.####
######)...##
#..).)).....
#.#######.## #.#
#.## #.# ###.##
########.# ##.#.##
#.@......# #...>##
#D#############....
#.#...#...#...#..##
#.'...'%..'%..#....
###...#...#...#####
##'#######%##....
#.D.#!.)#...#....
#...#...#...#.###
#...#}.[#...#.###


You could see a fire dragon (catching breath).

Vanquished Creatures
  3 boulder beetles (D:8)
  Joseph (D:8)
  An unseen horror (D:8)
  A slime creature (D:8)
  A culicivora (shapeshifter) (D:8)
  2 basilisks (D:8)
  3 water moccasins
  2 black bears
  An ice beast (D:7)
  2 centaurs (D:7)
  A phantom (D:5)
  3 bullfrogs
  A gnoll sergeant (D:7)
  5 scorpions
  5 wights (D:8)
  3 killer bees (D:7)
  A howler monkey (D:6)
  5 hounds
  4 orc priests
  3 gnoll boudas
  3 jellies (D:7)
  Jessica (D:2)
  3 orc wizards
  An iguana (D:6)
  8 adders
  25 gnolls
  A shadow imp (D:6)
  A white imp (D:6)
  2 worms (D:2)
  19 orcs
  8 bats
  3 endoplasms (D:1)
  8 giant cockroaches
  6 goblins
  2 hobgoblins
  7 quokkas
  7 ball pythons
  A frilled lizard (D:1)
  11 kobolds
  6 rats
171 creatures vanquished.

Vanquished Creatures (others)
  A fungus (D:7)
1 creature vanquished.

Grand Total: 172 creatures vanquished

Notes
Turn   | Place    | Note
-------+----------+-------------------------------------------
     0 | D:1      | qw the Gargoyle Fighter began the quest for the Orb.
     0 | D:1      | Reached XP level 1. HP: 14/14 MP: 1/1
     0 | D:1      | 0 ||| qw: Version: 0.2-a-10-g399e6c4
     0 | D:1      | 0 ||| qw: Game counter: 399
     0 | D:1      | 0 ||| qw: Always use a shield: true
     0 | D:1      | 0 ||| qw: God list: Okawaru
     0 | D:1      | 0 ||| qw: Allow faded altars: false
     0 | D:1      | 0 ||| qw: Do Orc after D:15 true
     0 | D:1      | 0 ||| qw: Do second Lair branch before Depths: true
     0 | D:1      | 0 ||| qw: Lair rune preference: random
     0 | D:1      | 0 ||| qw: Plans: Normal, Zot:1-4, God:TSO, Crypt, Tomb,
                  | Pan, Slime:5, Hells, Abyss, Orb
     0 | D:1      | 0 ||| PLANNING D:1-11
   117 | D:1      | Reached skill level 2 in Axes
   207 | D:1      | Found a faded altar of an unknown god.
   225 | D:1      | Reached XP level 2. HP: 19/19 MP: 2/2
   479 | D:1      | Reached skill level 3 in Axes
   482 | D:1      | 482 ||| Stepping ~*~*~tactically~*~*~ (stealth).
   543 | D:1      | Reached XP level 3. HP: 23/23 MP: 3/3
   806 | D:1      | 806 ||| UPGRADING to amulet of the acrobat.
   811 | D:1      | 811 ||| READING 2 scrolls labelled TOMUUM QOTHROFAKHLU.
   812 | D:1      | 812 ||| READING scroll of enchant weapon.
   812 | D:1      | 812 ||| ENCHANTING +1 war axe.
   813 | D:1      | 813 ||| READING 2 scrolls labelled CAFRAO DEIHUAS.
   814 | D:1      | 814 ||| READING scroll labelled SAWATY EJYQAM.
   815 | D:1      | 815 ||| READING scroll labelled RUILOBL WATTIM.
   816 | D:1      | 816 ||| READING scroll labelled UKEXKO TELEYBEX.
   817 | D:1      | 817 ||| DRINKING 3 coppery potions.
  1282 | D:2      | Noticed Jessica
  1286 | D:2      | Killed Jessica
  1287 | D:2      | Reached skill level 4 in Axes
  1287 | D:2      | Reached XP level 4. HP: 28/28 MP: 4/4
  1330 | D:2      | 1330 ||| Stepping ~*~*~tactically~*~*~ (stealth).
  1561 | D:2      | 1561 ||| Stepping ~*~*~tactically~*~*~ (stealth).
  1684 | D:2      | 1684 ||| UPGRADING to +0 pair of gloves.
  1689 | D:2      | 1689 ||| UPGRADING to +6 ring of strength.
  1690 | D:2      | 1690 ||| READING 3 scrolls labelled FUOSTE MAVU.
  1695 | D:2      | 1695 ||| READING scroll labelled NUPSEN CUZAZYDD.
  1696 | D:2      | 1696 ||| DRINKING 2 orange potions.
  1697 | D:2      | 1697 ||| READING 2 scrolls of identify.
  1697 | D:2      | 1697 ||| IDENTIFYING clear potion
  1698 | D:2      | 1698 ||| DROPPING potion of flight.
  1921 | D:3      | Reached XP level 5. HP: 28/32 MP: 5/5
  2058 | D:3      | 2058 ||| DROPPING +0 whip.
  2621 | D:3      | 2621 ||| UPGRADING to +0 chain mail.
  2631 | D:3      | 2631 ||| DROPPING +0 scale mail.
  2632 | D:3      | 2632 ||| UPGRADING to ring of see invisible.
  2633 | D:3      | 2633 ||| READING 2 scrolls of identify.
  2633 | D:3      | 2633 ||| IDENTIFYING pink potion
  2708 | D:4      | Noticed a black bear
  2714 | D:4      | Killed a black bear
  2715 | D:4      | Reached skill level 5 in Axes
  2715 | D:4      | Reached XP level 6. HP: 31/37 MP: 6/6
  3057 | D:4      | 3057 ||| READING scroll labelled WUQEICK FUOTI.
  3058 | D:4      | 3058 ||| READING scroll labelled IBINOS XU LIGO.
  3059 | D:4      | 3059 ||| READING 4 scrolls of identify.
  3059 | D:4      | 3059 ||| IDENTIFYING green potion
  3060 | D:4      | 3060 ||| READING 3 scrolls of identify.
  3060 | D:4      | 3060 ||| IDENTIFYING puce potion
  3061 | D:4      | 3061 ||| READING 2 scrolls of identify.
  3061 | D:4      | 3061 ||| IDENTIFYING bubbling inky potion
  3062 | D:4      | 3062 ||| DROPPING potion of magic.
  3063 | D:4      | 3063 ||| DROPPING potion of degeneration.
  3083 | D:5      | Entered Level 5 of the Dungeon
  3084 | D:5      | 3084 ||| PLANNING SEWER
  3139 | D:5      | 3139 ||| Stepping ~*~*~tactically~*~*~ (hiding).
  3141 | D:5      | 3141 ||| Stepping ~*~*~tactically~*~*~ (hiding).
  3142 | D:5      | 3142 ||| Stepping ~*~*~tactically~*~*~ (hiding).
  3143 | D:5      | 3143 ||| Stepping ~*~*~tactically~*~*~ (hiding).
  3353 | D:5      | Reached skill level 6 in Axes
  3366 | D:5      | 3366 ||| Stepping ~*~*~tactically~*~*~ (stealth).
  3445 | D:5      | Reached skill level 1 in Dodging
  3446 | D:5      | Reached XP level 7. HP: 21/43 MP: 7/7
  3448 | D:5      | HP: 10/43 [orc wizard/puff of flame (11)]
  3449 | D:5      | 3449 ||| READING 4 scrolls of teleportation.
  3450 | D:5      | 3450 ||| DRINKING 4 potions of heal wounds.
  3699 | D:5      | 3699 ||| RIP SEWER
  3702 | D:5      | 3702 ||| PLANNING D:1-11
  3702 | D:5      | 3702 ||| DROPPING +0 flail.
  3882 | D:5      | 3882 ||| Stepping ~*~*~tactically~*~*~ (water).
  4055 | D:5      | 4055 ||| UPGRADING to +0 cloak.
  4060 | D:5      | 4060 ||| READING 2 scrolls of identify.
  4060 | D:5      | 4060 ||| IDENTIFYING fuming cyan potion
  4117 | D:6      | 4117 ||| Stepping ~*~*~tactically~*~*~ (hiding).
  4118 | D:6      | 4118 ||| Stepping ~*~*~tactically~*~*~ (hiding).
  4256 | D:6      | Found a hide-covered altar of Uskayaw.
  4282 | D:6      | Reached skill level 7 in Axes
  4352 | D:6      | 4352 ||| Stepping ~*~*~tactically~*~*~ (stealth).
  4355 | D:6      | 4355 ||| Stepping ~*~*~tactically~*~*~ (stealth).
  4356 | D:6      | 4356 ||| Stepping ~*~*~tactically~*~*~ (stealth).
  4484 | D:6      | Reached skill level 1 in Throwing
  4485 | D:6      | Reached XP level 8. HP: 42/49 MP: 8/8
  4913 | D:6      | 4913 ||| UPGRADING to +0 helmet.
  4918 | D:6      | 4918 ||| READING scroll labelled TAUDGH OZ ASHAO.
  4919 | D:6      | 4919 ||| DRINKING 2 brown potions.
  5024 | D:6      | 5024 ||| DRINKING 2 glowing orange potions.
  5024 | D:6      | Gained mutation: You have hidden genetic potential. [potion
                  | of mutation]
  5024 | D:6      | Gained mutation: You do not regenerate when monsters are
                  | visible. [potion of mutation]
  5024 | D:6      | Gained mutation: Your body sometimes deteriorates upon
                  | taking damage. [potion of mutation]
  5025 | D:6      | 5025 ||| DRINKING potion of mutation.
  5025 | D:6      | Lost mutation: You have hidden genetic potential. [potion
                  | of mutation]
  5025 | D:6      | Lost mutation: Your body sometimes deteriorates upon taking
                  | damage. [potion of mutation]
  5025 | D:6      | Lost mutation: You do not regenerate when monsters are
                  | visible. [potion of mutation]
  5025 | D:6      | Gained mutation: Your body sometimes deteriorates upon
                  | taking damage. [potion of mutation]
  5025 | D:6      | Gained mutation: Your spells are a little easier to cast,
                  | but a little less powerful. [potion of mutation]
  5025 | D:6      | Lost mutation: Your body sometimes deteriorates upon taking
                  | damage. [potion of mutation]
  5026 | D:6      | 5026 ||| READING 2 scrolls of identify.
  5026 | D:6      | 5026 ||| IDENTIFYING viscous dark potion
  5027 | D:6      | 5027 ||| DROPPING potion of berserk rage.
  5058 | D:7      | Found a staircase to the Ecumenical Temple.
  5059 | D:7      | 5059 ||| PLANNING TEMPLE
  5065 | Temple   | Entered the Ecumenical Temple
  5067 | Temple   | 5067 ||| PLANNING OKAWARU WORSHIP
  5726 | Temple   | Became a worshipper of Warmaster Okawaru
  5727 | Temple   | 5727 ||| PLANNING D:1-11
  5759 | D:7      | 5759 ||| Stepping ~*~*~tactically~*~*~ (hiding).
  5907 | D:7      | Reached skill level 8 in Axes
  6222 | D:7      | Reached skill level 6 in Fighting
  6348 | D:7      | Reached * piety under Okawaru
  6359 | D:7      | Reached skill level 1 in Invocations
  6371 | D:7      | 6371 ||| Stepping ~*~*~tactically~*~*~ (stealth).
  6376 | D:7      | 6376 ||| Stepping ~*~*~tactically~*~*~ (stealth).
  6378 | D:7      | 6378 ||| Stepping ~*~*~tactically~*~*~ (hiding).
  6385 | D:7      | 6385 ||| INVOKING Heroism.
  6392 | D:7      | Reached XP level 9. HP: 55/55 MP: 7/10
  6396 | D:7      | 6396 ||| Stepping ~*~*~tactically~*~*~ (hiding).
  6401 | D:7      | 6401 ||| Stepping ~*~*~tactically~*~*~ (stealth).
  6402 | D:7      | 6402 ||| Stepping ~*~*~tactically~*~*~ (stealth).
  6413 | D:7      | 6413 ||| INVOKING Heroism.
  6451 | D:7      | 6451 ||| INVOKING Heroism.
  6454 | D:7      | Reached skill level 3 in Invocations
  6482 | D:7      | 6482 ||| READING scroll of enchant weapon.
  6482 | D:7      | 6482 ||| ENCHANTING +2 war axe.
  6588 | D:7      | Reached skill level 9 in Axes
  6609 | D:7      | 6609 ||| INVOKING Heroism.
  6946 | D:7      | 6946 ||| READING scroll labelled EGAGRO VYILICH.
  6947 | D:7      | 6947 ||| READING 2 scrolls labelled YHUCKO COFACVE.
  6948 | D:7      | 6948 ||| DROPPING scroll of noise.
  7006 | D:8      | 7006 ||| FLEEEEING.
  7007 | D:8      | 7007 ||| FLEEEEING.
  7008 | D:8      | 7008 ||| FLEEEEING.
  7013 | D:8      | 7013 ||| Stepping ~*~*~tactically~*~*~ (hiding).
  7016 | D:8      | 7016 ||| INVOKING Heroism.
  7056 | D:8      | Noticed Joseph
  7057 | D:8      | 7057 ||| Stepping ~*~*~tactically~*~*~ (hiding).
  7061 | D:8      | 7061 ||| Stepping ~*~*~tactically~*~*~ (hiding).
  7071 | D:8      | Killed Joseph
  7071 | D:8      | Reached ** piety under Okawaru
  7161 | D:8      | 7161 ||| Stepping ~*~*~tactically~*~*~ (stealth).
  7162 | D:8      | 7162 ||| Stepping ~*~*~tactically~*~*~ (stealth).
  7182 | D:8      | Found a glowing golden altar of the Shining One.
  7184 | D:8      | 7184 ||| Stepping ~*~*~tactically~*~*~ (hiding).
  7192 | D:8      | 7192 ||| INVOKING Heroism.
  7250 | D:8      | 7250 ||| FLEEEEING.
  7251 | D:8      | 7251 ||| FLEEEEING.
  7261 | D:8      | 7261 ||| Stepping ~*~*~tactically~*~*~ (stealth).
  7266 | D:8      | 7266 ||| Stepping ~*~*~tactically~*~*~ (stealth).
  7267 | D:8      | 7267 ||| Stepping ~*~*~tactically~*~*~ (stealth).
  7271 | D:8      | 7271 ||| Stepping ~*~*~tactically~*~*~ (stealth).
  7321 | D:8      | 7321 ||| Stepping ~*~*~tactically~*~*~ (stealth).
  7323 | D:8      | 7323 ||| Stepping ~*~*~tactically~*~*~ (stealth).
  7324 | D:8      | 7324 ||| Stepping ~*~*~tactically~*~*~ (stealth).
  7326 | D:8      | 7326 ||| Stepping ~*~*~tactically~*~*~ (stealth).
  7342 | D:8      | 7342 ||| Stepping ~*~*~tactically~*~*~ (hiding).
  7344 | D:8      | 7344 ||| Stepping ~*~*~tactically~*~*~ (hiding).
  7751 | D:8      | 7751 ||| Stepping ~*~*~tactically~*~*~ (stealth).
  7753 | D:8      | 7753 ||| Stepping ~*~*~tactically~*~*~ (stealth).
  7756 | D:8      | 7756 ||| INVOKING Heroism.
  7880 | D:8      | 7880 ||| INVOKING Heroism.
  7917 | D:8      | Noticed a boulder beetle
  7919 | D:8      | 7919 ||| INVOKING Heroism.
  7935 | D:8      | 7935 ||| INVOKING Heroism.
  7939 | D:8      | HP: 7/57 [boulder beetle (12)]
  7940 | D:8      | 7940 ||| READING 6 scrolls of teleportation.
  7941 | D:8      | 7941 ||| DRINKING 4 potions of heal wounds.
  8148 | D:8      | 8148 ||| INVOKING Heroism.
  8168 | D:8      | Killed a boulder beetle
  8169 | D:8      | Reached skill level 10 in Axes
  8169 | D:8      | Reached XP level 10. HP: 34/63 MP: 13/13
  8314 | D:8      | Noticed a boulder beetle
  8315 | D:8      | 8315 ||| INVOKING Heroism.
  8325 | D:8      | Killed a boulder beetle
  8326 | D:8      | Reached skill level 6 in Armour
  8352 | D:8      | Noticed a fire dragon
  8361 | D:8      | 8361 ||| INVOKING Heroism.
  8509 | D:8      | Reached *** piety under Okawaru
  8580 | D:8      | 8580 ||| INVOKING Heroism.
  8739 | D:8      | 8739 ||| INVOKING Heroism.
  8889 | D:8      | Noticed an unseen horror
  8899 | D:8      | Killed an unseen horror
  8932 | D:8      | Noticed a boulder beetle
  8933 | D:8      | 8933 ||| INVOKING Heroism.
  8957 | D:8      | Killed a boulder beetle
  8957 | D:8      | Received a gift from Okawaru
  8958 | D:8      | Reached skill level 11 in Axes
  9062 | D:8      | 9062 ||| INVOKING Heroism.
  9063 | D:8      | HP: 10/64 [fire dragon (10)]
  9064 | D:8      | 9064 ||| READING 5 scrolls of teleportation.
  9065 | D:8      | 9065 ||| DRINKING 3 potions of heal wounds.
  9068 | D:8      | HP: 11/64 [fire dragon/blast of flame (8)]
  9069 | D:8      | 9069 ||| DRINKING 2 potions of heal wounds.
  9251 | D:8      | 9251 ||| Stepping ~*~*~tactically~*~*~ (hiding).
  9256 | D:8      | 9256 ||| INVOKING Heroism.
  9267 | D:8      | HP: 2/64 [fire dragon/blast of flame (34)]
  9268 | D:8      | 9268 ||| READING 4 scrolls of teleportation.
  9268 | D:8      | Mangled by a fire dragon

Levels and vault maps discovered:
D:1:      lightli_arrival_windingriver, layout_basic, basic_ecumenical_altar,
          minmay_pentomino_w4
D:2:      layout_basic, uniq_jessica
D:3:      layout_basic, minmay_misc_feat_ornament, minmay_quantized
D:4:      layout_cave_pools
D:5:      layout_gridville, gup_sewer_entry_pipe
D:6:      layout_rooms, eat_drink_and_be_merry_uskayaw, serial_curves,
          eino_curves_03, eino_curves_01
D:7:      old_forge, layout_loops_ring, minmay_temple_entry_statues_pillars,
          hangedman_minor_gate_pass
D:8:      layout_loops_ring, mainiacjoe_overflow_concentric_impassable,
          minmay_evil_grid, uniq_joseph
Temple:   compressed_dpeg_triangle_lava_temple

Skill      XL: |  1  2  3  4  5  6  7  8  9 10 |
---------------+-------------------------------+-----
Axes           | 2 3 4 5 6 7 8 10 11 | 11.1
Fighting       | 4 5 6 7 8 |  8.1
Dodging        | 1 |  1.0
Throwing       | 1 |  1.0
Armour         | 4 5 6 |  6.4
Invocations    | 2 4 |  4.0
Shields        | 4 5 |  5.7

Action                   |  1- 3 |  4- 6 |  7- 9 | 10-12 || total
-------------------------+-------+-------+-------+-------++-------
Melee: War axe           |    82 |   136 |   273 |   107 ||   598
Throw: Boomerang         |    34 |    45 |    49 |     3 ||   131
Invok: Heroism           |       |       |    11 |     7 ||    18
  Use: Scroll            |     6 |     9 |     8 |     2 ||    25
       Potion            |     1 |     1 |     5 |     2 ||     9
Armor: Scale mail        |    62 |    39 |       |       ||   101
       Chain mail        |       |    30 |   146 |    37 ||   213
Dodge: Dodged            |    46 |    59 |   134 |    27 ||   266
Block: Buckler           |    25 |    26 |    52 |    22 ||   125

Table legend:
 A = Non-vault XP
 B = Vault XP
 C = Vault XP percentage of total XP
 D = Non-vault monster count
 E = Vault monster count
 F = Vault count percentage of total count
                 A         B        C        D         E       F
            +---------+---------+-------+---------+---------+-------
      Total |    3221 |    5022 |  60.9 |     138 |      33 |  19.3
            +---------+---------+-------+---------+---------+-------
        D:1 |      34 |       6 |  15.0 |      20 |       5 |  20.0
        D:2 |      60 |      37 |  38.1 |      19 |       1 |   5.0
        D:3 |      61 |       3 |   4.7 |      13 |       2 |  13.3
        D:4 |     172 |       0 |   0.0 |       6 |       0 |   0.0
        D:5 |     381 |      14 |   3.5 |      15 |       7 |  31.8
        D:6 |     622 |       0 |   0.0 |      16 |       0 |   0.0
        D:7 |    1125 |     734 |  39.5 |      21 |       9 |  30.0
        D:8 |     766 |    4228 |  84.7 |      28 |       9 |  24.3
            +---------+---------+-------+---------+---------+-------
